 Dungeon Crawl Stone Soup version 0.24-a0-368-g0e0cebd0f3 (webtiles) character file.

Game seed: 2919381948139061298

489 nikopol the Magician (level 6, -5/32 HPs)
             Began as a Deep Elf Fire Elementalist on May 28, 2019.
             Slain by a killer bee (7 damage)
             ... on level 4 of the Dungeon.
             The game lasted 00:10:25 (2979 turns).

nikopol the Magician (Deep Elf Fire Elementalist)   Turns: 2979, Time: 00:10:26

Health: -5/32      AC:  2    Str: 10    XL:     6   Next: 90%
Magic:  2/17       EV: 13    Int: 27    God:
Gold:   249        SH:  0    Dex: 15    Spells: 3/18 levels left

rFire    . . .     SeeInvis +   s - +0 dagger
rCold    . . .     Gourm    .   (no shield)
rNeg     . . .     Faith    .   a - +0 robe
rPois    .         Spirit   .   (no helmet)
rElec    .         Reflect  .   (no cloak)
rCorr    .         Harm     .   (no gloves)
MR       .....                  (no boots)
Stlth    ++........             (no amulet)
HPRegen  0.10/turn              n - ring of see invisible
MPRegen  0.15/turn              t - ring of wizardry

@: mighty, brilliant
A: no striking features
a: no special abilities


You were on level 4 of the Dungeon.
You were hungry.

You visited 1 branch of the dungeon, and saw 4 of its levels.

You collected 249 gold pieces.

Inventory:

Hand Weapons
 s - a +0 dagger (weapon)
Armour
 a - a +0 robe (worn)
Jewellery
 n - a ring of see invisible (left hand)
 t - a ring of wizardry (right hand)
Scrolls
 b - a scroll of teleportation {unknown}
 d - 3 scrolls of identify {unknown}
 e - 3 scrolls of remove curse {unknown}
 g - a scroll of magic mapping {unknown}
 i - a scroll of enchant armour {unknown}
 k - a scroll of random uselessness {unknown}
 m - 2 scrolls of fear {unknown}
 q - a scroll of blinking {unknown}
Potions
 f - a potion of might
 h - a potion of curing {unknown}
 j - a potion of heal wounds {unknown}
 l - 2 potions of brilliance
 p - a potion of agility {unknown}
 r - a potion of haste {unknown}
Comestibles
 c - 8 rations
 o - 2 chunks of flesh


   Skills:
 + Level 2.9 Dodging
 + Level 3.4 Stealth
 + Level 6.6 Spellcasting
 + Level 3.5 Conjurations
 + Level 5.4 Fire Magic


You had 3 spell levels left.
You knew the following spells:

 Your Spells              Type           Power        Failure   Level  Hunger
a - Flame Tongue          Conj/Fire      #####        1%          1    None
b - Throw Flame           Conj/Fire      #####.       1%          2    None
c - Conjure Flame         Conj/Fire      #####...     1%          3    None
d - Sticky Flame          Conj/Fire      #####...     1%          4    ###....
e - Fireball              Conj/Fire      #####.....   3%          5    #####..

Your spell library contained the following spells:

 Spells                   Type           Power        Failure   Level  Hunger
 Inner Flame              Hex/Fire       #####...     1%          3    None


Dungeon Overview and Level Annotations

Branches:
Dungeon (4/15)
 Temple: D:4-7

Altars:
Dithmenos
Trog


Message History

Press: ? - help, Shift-Dir - straight line, f - killer bee
Aim: a killer bee (lightly wounded)
The flame tongue hits the killer bee.
The killer bee is heavily wounded.
The killer bee misses you. The killer bee barely misses you.
Casting: Flame Tongue (safe; 1% risk of failure)
Confirm with . or Enter, or press ? or * to list all spells.
Aiming: Flame Tongue (safe; 1% risk of failure)
Press: ? - help, Shift-Dir - straight line, f/p - killer bee
Aim: a killer bee (heavily wounded)
The flame tongue misses the killer bee.
The flame tongue hits the killer bee.
The killer bee is moderately wounded.
The killer bee stings you.
* * * LOW HITPOINT WARNING * * *
The killer bee stings you!
* * * LOW HITPOINT WARNING * * *
It was a potion of might.
You feel very mighty all of a sudden. The killer bee closely misses you.
The killer bee stings you!
You die...

#######
################.....########
#####>..........@yyy....(รท.......
...##.##############.....##..####
.#.##.# #########.# .#....########
#.# .....#........


yyy ...#.#........ [)o.# ...#.#........ .....# .............. .......
.##..##+###### ......#. You could see 3 killer bees.

Vanquished Creatures
  An orc warrior (D:3)
  2 killer bees (D:4)
  A howler monkey (D:3)
  An orc priest (D:4)
  An orc wizard (D:3)
  An iguana (D:4)
  A gnoll (D:1)
  7 adders
  2 oozes
  A dart slug (D:1)
  5 worms
  4 leopard geckos
  8 orcs
  A ball python (D:2)
  9 bats
  4 giant cockroaches
  8 goblins
  4 hobgoblins
  4 jackals (D:1)
  2 quokkas
  8 frilled lizards
  A jackal skeleton (D:4)
  5 kobolds
  13 rats
94 creatures vanquished.

Notes
Turn   | Place    | Note
-------+----------+-------------------------------------------
     0 | D:1      | nikopol the Deep Elf Fire Elementalist began the quest for
                  | the Orb.
     0 | D:1      | Reached XP level 1. HP: 10/10 MP: 6/6
   131 | D:1      | Reached XP level 2. HP: 15/15 MP: 5/8
   366 | D:1      | Reached XP level 3. HP: 19/19 MP: 3/10
   458 | D:1      | Learned a level 2 spell: Throw Flame
   462 | D:1      | Learned a level 3 spell: Conjure Flame
   790 | D:2      | Reached skill level 4 in Spellcasting
   872 | D:2      | Reached XP level 4. HP: 17/24 MP: 7/12
   878 | D:2      | Learned a level 4 spell: Sticky Flame
  1300 | D:2      | Found a shadowy altar of Dithmenos.
  1686 | D:3      | Noticed an orc warrior
  1804 | D:3      | Reached XP level 5. HP: 28/28 MP: 12/14
  1866 | D:3      | Found a bloodstained altar of Trog.
  1938 | D:3      | Reached skill level 5 in Spellcasting
  2278 | D:3      | Killed an orc warrior
  2318 | D:3      | Reached skill level 6 in Spellcasting
  2318 | D:3      | Reached XP level 6. HP: 28/32 MP: 3/17
  2596 | D:3      | Reached skill level 5 in Fire Magic
  2782 | D:4      | Learned a level 5 spell: Fireball
  2979 | D:4      | Slain by a killer bee

Levels and vault maps discovered:
D:1:      ncdulo_lavacross, layout_rooms
D:2:      layout_rooms, minmay_misc_feat_pillars, grunt_ministairs_12,
          grunt_dithmenos_smoke_and_mirrors
D:3:      layout_loops_cross, lightli_temple_of_fire, first_ration, hex_tiny
D:4:      layout_basic

Skill      XL: |  1  2  3  4  5  6 |
---------------+-------------------+-----
Fire Magic     | 4 5 |  5.4
Stealth        | 3 |  3.4
Spellcasting   | 4 6 |  6.6
Conjurations   | 2 3 |  3.5
Dodging        | |  2.9

Action                   |  1- 3 |  4- 6 || total
-------------------------+-------+-------++-------
Melee: Unarmed           |     1 |     1 ||     2
 Cast: Flame Tongue      |    70 |   127 ||   197
       Throw Flame       |       |     4 ||     4
       Conjure Flame     |       |     2 ||     2
       Sticky Flame      |       |     2 ||     2
       Fireball          |       |     1 ||     1
  Use: Potion            |       |     2 ||     2
 Stab: Sleeping          |       |     1 ||     1
  Eat: Chunk             |       |     6 ||     6
Armor: Robe              |    11 |     7 ||    18
Dodge: Dodged            |    20 |    31 ||    51

Table legend:
 A = Non-vault XP
 B = Vault XP
 C = Vault XP percentage of total XP
 D = Non-vault monster count
 E = Vault monster count
 F = Vault count percentage of total count
                 A         B        C        D         E       F
            +---------+---------+-------+---------+---------+-------
      Total |     685 |      14 |   2.0 |      92 |       2 |   2.1
            +---------+---------+-------+---------+---------+-------
        D:1 |      66 |       0 |   0.0 |      33 |       0 |   0.0
        D:2 |      66 |      14 |  17.5 |      17 |       2 |  10.5
        D:3 |     343 |       0 |   0.0 |      32 |       0 |   0.0
        D:4 |     210 |       0 |   0.0 |      10 |       0 |   0.0
            +---------+---------+-------+---------+---------+-------
